 Dungeon Crawl Stone Soup version 0.24.0-123-gd5b16e6ec5 (webtiles) character file.

Game seed: 1910804413677610060, levelgen mode: deterministic

110826 FishyPogo the Thaumaturge (level 16, 0/126 HPs)
             Began as a Gnoll Skald on Dec 21, 2019.
             Was the Champion of Okawaru.
             Shot with a bolt by Vashnia (18 damage)
             ... on level 2 of the Snake Pit.
             The game lasted 01:45:14 (19593 turns).

FishyPogo the Thaumaturge (Gnoll Skald)            Turns: 19593, Time: 01:45:15

Health: 0/126      AC: 16    Str: 23    XL:     16   Next: 56%
Magic:  24/31      EV: 41    Int: 16    God:    Okawaru [******]
Gold:   1433       SH:  0    Dex: 15    Spells: 12/38 levels left

rFire    + + .     SeeInvis +   N - +11 dire flail of Contradiction {elec, Fragile rPois Dex-2 SInv}
rCold    + . .     Gourm    .   (shield currently unavailable)
rNeg     + . .     Faith    .   C - +2 leather armour {rC+}
rPois    +         Spirit   .   S - +0 helmet "Jioteyc" {rF- MR+ Regen+}
rElec    +         Reflect  .   F - +1 cloak
rCorr    .         Harm     .   W - +2 pair of gloves {Str+3}
MR       ++...                  L - +1 pair of boots
Stlth    ++++......             R - amulet "Plog" {Acrobat rF+}
HPRegen  1.71/turn              f - ring of Bat Aveu {*Contam +Blink rF++ EV+6}
MPRegen  0.22/turn              b - ring of Jarim {+Fly rElec rPois rN+ Dex+2}

@: lethally poisoned (0 -> 0), about to teleport, acrobat, regenerating
A: distributed training, fangs 1, strong nose
a: Heroism, Finesse, Renounce Religion, Evoke Blink, Evoke Flight


You were on level 2 of the Snake Pit.
You worshipped Okawaru.
Okawaru was exalted by your worship.
You were hungry.

You visited 4 branches of the dungeon, and saw 23 of its levels.
You also visited: Bailey.

You collected 2665 gold pieces.
You spent 1232 gold pieces at shops.

Inventory:

Hand Weapons
 N - the +11 dire flail of Contradiction (weapon) {elec, Fragile rPois Dex-2 SInv}
   (Okawaru gifted it to you on level 8 of the Dungeon)

   Occasionally, upon striking a foe, it will discharge some electrical energy
   and cause terrible harm.
   It affects your dexterity (-2).
   It protects you from poison.
   It lets you see invisible.
   It will be destroyed if unequipped.
 O - the +6 mace of the Other Side {freeze, Str+3 Stlth+}
   (You bought it in a shop on level 4 of the Dungeon)

   It has been specially enchanted to freeze those struck by it, causing extra
   injury to most foes and up to half again as much damage against particularly
   susceptible opponents.
   It can also slow down cold-blooded creatures.
   It affects your strength (+3).
   It makes you more stealthy.
Missiles
 e - 64 boomerangs (quivered)
 r - 3 atropa-tipped darts
 t - 18 javelins
 B - 15 poisoned darts
 G - 3 throwing nets
 P - 5 boomerangs of dispersal
Armour
 C - a +2 leather armour of cold resistance (worn)
 F - a +1 cloak (worn)
 L - a +1 pair of boots (worn)
 Q - a +0 buckler
 S - the +0 helmet "Jioteyc" (worn) {rF- MR+ Regen+}
   (You acquired it on level 10 of the Dungeon)

   It makes you vulnerable to fire.
   It affects your resistance to hostile enchantments.
   It increases your rate of regeneration.
 W - a +2 pair of gloves of strength (worn)
Jewellery
 b - the ring of Jarim (right hand) {+Fly rElec rPois rN+ Dex+2}
   (You bought it in a shop on level 1 of the Snake Pit)

   [ring of flight]

   It affects your dexterity (+2).
   It insulates you from electricity.
   It protects you from poison.
   It protects you from negative energy.
   It lets you fly.
 f - the ring of Bat Aveu (left hand) {*Contam +Blink rF++ EV+6}
   (You took it off an orc on level 7 of the Dungeon)

   [ring of evasion]

   It affects your evasion (+6).
   It greatly protects you from fire.
   It lets you blink.
   It causes magical contamination when unequipped.
 s - an uncursed ring of protection from fire
 R - the amulet "Plog" (around neck) {Acrobat rF+}
   (You found it on level 9 of the Dungeon)

   [amulet of the acrobat]

   It helps you evade while moving and waiting.
   It protects you from fire.
Wands
 a - a wand of digging (7)
 o - a wand of disintegration (14)
 A - a wand of enslavement (7)
 J - a wand of flame (33)
 K - a wand of scattershot (10)
 M - a wand of iceblast (11)
 T - a wand of random effects (36)
 U - a wand of acid (6)
 Z - a wand of paralysis (33)
Scrolls
 c - a scroll of magic mapping
 h - 10 scrolls of remove curse
 i - 3 scrolls of enchant armour
 l - 2 scrolls of fear
 m - 10 scrolls of identify
 n - 3 scrolls of blinking
 q - 6 scrolls of teleportation
 w - 3 scrolls of enchant weapon
 x - a scroll of immolation
 y - a scroll of noise
Potions
 g - 6 potions of curing
 j - 5 potions of mutation
 k - a potion of magic
 p - 3 potions of might
 u - a potion of heal wounds
 v - 4 potions of resistance
 z - a potion of cancellation
 D - a potion of invisibility
 H - 3 potions of flight
 V - a potion of brilliance
 X - a potion of experience
 Y - 3 potions of haste {unknown}
Comestibles
 d - 43 rations
 E - 5 chunks of flesh


   Skills:
 + Level 11.5 Fighting
 + Level 11.5 Short Blades
 + Level 10.7 Long Blades
 + Level 10.7 Axes
 + Level 10.7 Maces & Flails
 + Level 10.7 Polearms
 + Level 10.7 Staves
 + Level 10.7 Slings
 + Level 10.7 Bows
 + Level 10.7 Crossbows
 + Level 10.7 Throwing
 + Level 11.0 Armour
 + Level 11.5 Dodging
 + Level 10.7 Stealth
 + Level 10.7 Shields
 + Level 10.7 Unarmed Combat
 + Level 11.7 Spellcasting
 + Level 9.1 Conjurations
 + Level 9.1 Hexes
 + Level 10.5 Charms
 + Level 9.1 Summonings
 + Level 9.1 Necromancy
 + Level 9.1 Translocations
 + Level 9.1 Transmutations
 + Level 9.1 Fire Magic
 + Level 9.1 Ice Magic
 + Level 9.1 Air Magic
 + Level 9.1 Earth Magic
 + Level 9.1 Poison Magic
 + Level 11.6 Invocations
 + Level 10.7 Evocations


You had 12 spell levels left.
You knew the following spells:

 Your Spells              Type           Power        Failure   Level  Hunger
a - Bolt of Magma         Conj/Fire/Erth #####.....   5%          5    #####..
c - Mephitic Cloud        Conj/Pois/Air  #####...     1%          3    None
h - Regeneration          Chrm/Necr      #####.....   1%          3    None
k - Ozocubu's Armour      Chrm/Ice       #####...     1%          3    None
n - Spectral Weapon       Hex/Chrm       #####...     1%          3    None
p - Shroud of Golubria    Chrm/Tloc      #####.       1%          2    None
u - Song of Slaying       Chrm           #####...     1%          2    None
x - Olgreb's Toxic Radia  Pois           #####...     1%          4    ###....
y - Infusion              Chrm           ####         1%          1    None

Your spell library contained the following spells:

 Spells                   Type           Power        Failure   Level  Hunger
 Freeze                   Ice            ####         1%          1    None
 Sting                    Conj/Pois      ####         1%          1    None
 Poisonous Vapours        Pois/Air       #####.       1%          2    None
 Throw Frost              Conj/Ice       #####.       1%          2    None
 Summon Ice Beast         Ice/Summ       #####...     1%          4    ###....
 Throw Icicle             Conj/Ice       #####...     1%          4    ###....
 Iskenderun's Battlesphe  Conj/Chrm      #####...     4%          5    #####..
 Venom Bolt               Conj/Pois      #####.....   5%          5    #####..
 Iron Shot                Conj/Erth      #####.....   30%         6    ######.
 Orb of Destruction       Conj           #####.....   86%         7    #######
 Spellforged Servitor     Conj/Summ      #####.....   86%         7    #######


Dungeon Overview and Level Annotations

Branches:
Dungeon (13/15)            Temple (0/1) D:4            Lair (6/6) D:8
  Swamp (0/4) Lair:2        Snake (2/4) Lair:3        Slime (0/5) Lair:6
    Orc (2/2) D:10            Elf (0/3) Orc:2        Vaults (0/5) D:13
 Bailey (visited)

Altars:
Ashenzari
Dithmenos
Hepliaklqana
Kikubaaqudgha
Okawaru
Ru
Trog
Vehumet
Wu Jian
Xom
Yredelemnul

Shops:
D:4 ?*(}:   D:5 !   D:6 *   D:9 (   D:10 *   D:11 (   D:12 *   Orc:2 :%(}
Snake:1 }==

Annotations:
Snake:2 Vashnia


Innate Abilities, Weirdness & Mutations

Your experience applies equally to all skills.
You have very sharp teeth.
Your uncanny sense of smell can sniff out nearby items.


Message History

The naga sharpshooter shoots an arrow.
The arrow hits you!!
Vashnia shoots a bolt.
The bolt hits you!!
* * * LOW HITPOINT WARNING * * *
The naga sharpshooter casts a spell.
The naga sharpshooter magically shoots an arrow.
The arrow closely misses you.
Something closely misses your spectral weapon.
You see here 2 arrows.
Okay, then.
As you read the scroll of teleportation, it crumbles to dust.
You feel strangely unstable.
The naga sharpshooter shoots an arrow.
The arrow hits your spectral weapon!
Your spectral weapon shares its damage with you!
* * * LOW HITPOINT WARNING * * *
Unknown command.
You swap places.
You feel sick.
Vashnia unwields a +0 short sword of venom.
It stops dripping with poison.
Vashnia wields a +0 arbalest.
Vashnia shoots a bolt.
The bolt hits you!!
You die...

###...####...# ####
#>.......#.#.## ###
##........#.#..### #..
####............#...# #..
#...........#...###.###..
..##......###...# #....##
#......###...###......
#...#(.(.##.##......#.
####N@...##.# ........
#N#(..##.# .....#..
#NN######.# .......#
..... .. ...#.## $..#...#
#. #..)#...# # ### #.###
∆∆ .. ## ∆


You could see Vashnia, 2 naga sharpshooters, a naga mage and a friendly spectral
+11 dire flail of Contradiction {elec, Fragile rPois Dex-2 SInv}.

Vanquished Creatures
  Jorgrun (D:13)
  A nagaraja (Snake:2)
  2 orc warlords
  Nessos (Lair:4)
  Azrael (Orc:2)
  A dire elephant (Lair:6)
  Josephine (Lair:6)
  5 hydras
  3 naga warriors
  2 catoblepae
  7 anacondas
  5 ogre magi
  2 centaur warriors (D:13)
  18 two-headed ogres
  16 death yaks
  A deep troll shaman (Lair:6)
  3 shock serpents
  3 naga sharpshooters
  A fire crab (D:13)
  2 naga ritualists
  Pikel (D:5)
  2 ugly things (D:13)
  2 orc knights (Orc:2)
  3 mana vipers
  A deep elf mage (D:13)
  A cyclops (D:13)
  2 salamanders (Snake:2)
  2 centaur zombies (D:13)
  6 elephants
  A guardian serpent (D:10)
  14 black mambas
  3 naga magi
  2 torpor snails (Lair:5)
  A kobold demonologist (D:13)
  13 spiny frogs
  A yaktaur (D:13)
  4 rime drakes
  2 komodo dragons
  3 trolls
  A polar bear (Lair:6)
  19 blink frogs
  12 hippogriffs
  A centaur simulacrum (D:12)
  Sigmund (D:2)
  A shadow (D:13)
  5 wraiths
  A spriggan (D:7)
  A wyvern (D:9)
  4 fire elementals
  A water elemental (D:12)
  3 hungry ghosts
  Eustachio (D:5)
  51 yaks
  5 basilisks
  5 vampire mosquitoes
  7 wargs
  13 nagas
  A hell hound (Orc:1)
  Duvessa (D:7)
  15 water moccasins
  13 porcupines
  31 orc warriors
  7 sky beasts
  4 slaves (D:5)
  7 ice beasts
  2 eyes of draining
  16 wolves
  35 ogres
  6 phantoms
  6 centaurs
  16 crocodiles
  Blork the orc (D:5)
  19 bullfrogs
  A big kobold (D:13)
  A gnoll sergeant (D:9)
  Dowan (D:7)
  2 wyvern skeletons (D:11)
  6 scorpions
  13 killer bees
  A wight (D:5)
  10 electric eels
  4 howler monkeys (D:7)
  7 crimson imps
  2 bullfrog zombies
  A bullfrog skeleton (D:6)
  6 hounds
  7 jellies
  4 centaur skeletons
  20 orc priests
  19 orc wizards
  6 worker ants
  4 worker ant zombies
  12 gnolls
  12 adders
  4 shadow imps
  A white imp (D:12)
  An ufetubus (D:12)
  6 oozes
  2 adder skeletons
  A dart slug (D:5)
  5 leopard geckos
  93 orcs
  6 bats
  2 giant cockroaches
  2 gnoll zombies (D:6)
  14 goblins
  10 hobgoblins
  3 jackals (D:1)
  20 kobolds
  A quokka (D:3)
  4 ball pythons
  A frilled lizard (D:4)
  2 jackal zombies
  4 rats
773 creatures vanquished.

Vanquished Creatures (others)
  12 fungi
  10 plants
  30 spectral weapons
52 creatures vanquished.

Grand Total: 825 creatures vanquished

Notes
Turn   | Place    | Note
-------+----------+-------------------------------------------
     0 | D:1      | FishyPogo the Gnoll Skald began the quest for the Orb.
     0 | D:1      | Reached XP level 1. HP: 20/20 MP: 6/6
   104 | D:1      | Reached XP level 2. HP: 17/26 MP: 7/7
   109 | D:1      | Learned a level 2 spell: Song of Slaying
   112 | D:1      | Learned a level 2 spell: Shroud of Golubria
   366 | D:1      | Reached XP level 3. HP: 18/31 MP: 3/9
   372 | D:1      | Learned a level 3 spell: Regeneration
   376 | D:1      | Learned a level 3 spell: Spectral Weapon
   384 | D:1      | Reached skill level 5 in Spellcasting
  1179 | D:2      | Reached skill level 1 in Invocations
  1290 | D:2      | Reached skill level 1 in Long Blades
  1290 | D:2      | Reached skill level 1 in Axes
  1290 | D:2      | Reached skill level 1 in Maces & Flails
  1290 | D:2      | Reached skill level 1 in Polearms
  1290 | D:2      | Reached skill level 1 in Staves
  1290 | D:2      | Reached skill level 1 in Slings
  1290 | D:2      | Reached skill level 1 in Bows
  1290 | D:2      | Reached skill level 1 in Crossbows
  1290 | D:2      | Reached skill level 1 in Throwing
  1290 | D:2      | Reached skill level 1 in Stealth
  1290 | D:2      | Reached skill level 1 in Shields
  1290 | D:2      | Reached skill level 1 in Unarmed Combat
  1290 | D:2      | Reached skill level 1 in Evocations
  1359 | D:2      | Reached XP level 4. HP: 38/38 MP: 8/11
  1405 | D:2      | Noticed Sigmund
  1438 | D:2      | Killed Sigmund
  1438 | D:2      | Reached skill level 1 in Conjurations
  1438 | D:2      | Reached skill level 1 in Hexes
  1438 | D:2      | Reached skill level 1 in Summonings
  1438 | D:2      | Reached skill level 1 in Necromancy
  1438 | D:2      | Reached skill level 1 in Translocations
  1438 | D:2      | Reached skill level 1 in Transmutations
  1438 | D:2      | Reached skill level 1 in Fire Magic
  1438 | D:2      | Reached skill level 1 in Ice Magic
  1438 | D:2      | Reached skill level 1 in Air Magic
  1438 | D:2      | Reached skill level 1 in Earth Magic
  1438 | D:2      | Reached skill level 1 in Poison Magic
  1438 | D:2      | Reached XP level 5. HP: 43/43 MP: 3/12
  1574 | D:2      | Found an iron altar of Okawaru.
  1578 | D:2      | Reached XP level 6. HP: 42/50 MP: 11/13
  1589 | D:2      | Became a worshipper of Warmaster Okawaru
  2344 | D:3      | Found a shadowy altar of Dithmenos.
  2655 | D:4      | Found Wava's Gadget Shop.
  2907 | D:4      | Reached skill level 5 in Fighting
  2907 | D:4      | Reached skill level 5 in Short Blades
  2907 | D:4      | Reached skill level 5 in Dodging
  2966 | D:4      | Found a staircase to the Ecumenical Temple.
  3043 | D:4      | Found Keud's Book Shoppe.
  3176 | D:4      | Found Jeostril's Antique Weapon Emporium.
  3180 | D:4      | Bought a transparent scimitar for 180 gold pieces
  3180 | D:4      | Identified the +8 scimitar of Gluttony {slice, Dex+7} (You
                  | bought it in a shop on level 4 of the Dungeon)
  3291 | D:4      | Found Sokkux's Magic Scroll Boutique.
  3295 | D:4      | Found Sykhicun's General Store.
  3403 | D:5      | Entered Level 5 of the Dungeon
  3408 | D:5      | Found Maraoq's Distillery.
  3415 | D:5      | Noticed a slave
  3428 | D:5      | Killed a slave
  3447 | D:5      | Noticed Pikel
  3484 | D:4      | Bought a potion of degeneration for 12 gold pieces
  3501 | D:5      | Noticed a slave
  3507 | D:5      | Reached XP level 7. HP: 41/56 MP: 15/15
  3598 | D:5      | Killed Pikel
  3598 | D:5      | Reached * piety under Okawaru
  3598 | D:5      | Reached XP level 8. HP: 46/63 MP: 8/16
  3626 | D:5      | Bought a potion of curing for 39 gold pieces
  3626 | D:5      | Bought a potion of heal wounds for 65 gold pieces
  3631 | D:5      | Noticed Blork the orc
  3631 | D:5      | Noticed Eustachio
  3641 | D:5      | Reached ** piety under Okawaru
  3716 | D:5      | Killed Blork the orc
  3738 | D:5      | Killed Eustachio
  3760 | D:5      | Got a bone long sword
  3762 | D:5      | Identified the cursed +0 long sword "Gamigu" {flame,
                  | Fragile rElec rC+++ rN+} (You found it on level 5 of the
                  | Dungeon)
  3938 | D:5      | Reached XP level 9. HP: 69/69 MP: 18/18
  3964 | D:5      | Reached *** piety under Okawaru
  4557 | D:6      | Found a basalt altar of Yredelemnul.
  4678 | D:6      | Found Henguneggu's General Store.
  4885 | D:7      | Reached skill level 5 in Armour
  4912 | D:7      | Found a sacrificial altar of Ru.
  4912 | D:7      | Found an ornate altar of the Wu Jian Council.
  4981 | D:7      | Noticed Duvessa
  4983 | D:7      | Noticed Dowan
  4992 | D:7      | Killed Duvessa
  5008 | D:7      | HP: 1/71 [orc warrior/+0 glaive (26)]
  5014 | D:7      | HP: 1/71 [spriggan baker/+0 dagger (10)]
  5023 | D:7      | HP: 1/71 [bullfrog (7)]
  5128 | D:7      | Reached skill level 5 in Invocations
  5179 | D:7      | Reached **** piety under Okawaru
  5327 | D:7      | Identified the ring of Bat Aveu {*Contam +Blink rF++ EV+6}
  5347 | D:7      | Reached XP level 10. HP: 75/77 MP: 15/20
  5478 | D:7      | Reached skill level 5 in Long Blades
  5478 | D:7      | Reached skill level 5 in Axes
  5478 | D:7      | Reached skill level 5 in Maces & Flails
  5478 | D:7      | Reached skill level 5 in Polearms
  5478 | D:7      | Reached skill level 5 in Staves
  5478 | D:7      | Reached skill level 5 in Slings
  5478 | D:7      | Reached skill level 5 in Bows
  5478 | D:7      | Reached skill level 5 in Crossbows
  5478 | D:7      | Reached skill level 5 in Throwing
  5478 | D:7      | Reached skill level 5 in Stealth
  5478 | D:7      | Reached skill level 5 in Shields
  5478 | D:7      | Reached skill level 5 in Unarmed Combat
  5478 | D:7      | Reached skill level 5 in Evocations
  5648 | D:7      | Received a gift from Okawaru
  5683 | D:7      | Killed Dowan
  5916 | D:8      | Found a staircase to the Lair.
  6044 | D:8      | Reached ***** piety under Okawaru
  6410 | D:8      | Found an ancient bone altar of Kikubaaqudgha.
  6410 | D:8      | Found a radiant altar of Vehumet.
  6428 | D:8      | Received a gift from Okawaru
  6444 | D:8      | Reached XP level 11. HP: 39/84 MP: 22/22
  6446 | D:8      | Got a pitted dire flail {god gift}
  6447 | D:8      | Identified the +11 dire flail of Contradiction {elec,
                  | Fragile rPois Dex-2 SInv} (Okawaru gifted it to you on
                  | level 8 of the Dungeon)
  6480 | D:8      | Got a fine shortbow
  6629 | D:8      | Found a hazy altar of Hepliaklqana.
  7094 | D:9      | Noticed a two-headed ogre
  7147 | D:9      | Killed a two-headed ogre
  7147 | D:9      | Reached skill level 5 in Conjurations
  7147 | D:9      | Reached skill level 5 in Hexes
  7147 | D:9      | Reached skill level 5 in Summonings
  7147 | D:9      | Reached skill level 5 in Necromancy
  7147 | D:9      | Reached skill level 5 in Translocations
  7147 | D:9      | Reached skill level 5 in Transmutations
  7147 | D:9      | Reached skill level 5 in Fire Magic
  7147 | D:9      | Reached skill level 5 in Ice Magic
  7147 | D:9      | Reached skill level 5 in Air Magic
  7147 | D:9      | Reached skill level 5 in Earth Magic
  7147 | D:9      | Reached skill level 5 in Poison Magic
  7172 | D:9      | Got a translucent copper amulet
  7174 | D:9      | Identified the amulet "Plog" {Acrobat rF+} (You found it on
                  | level 9 of the Dungeon)
  7367 | D:9      | Found Awkineq's Weapon Boutique.
  7429 | D:9      | Found a shattered altar of Ashenzari.
  7625 | D:10     | Entered Level 10 of the Dungeon
  7677 | D:10     | Found Cadeoch's Assorted Antiques.
  8133 | D:10     | Received a gift from Okawaru
  8402 | D:10     | Found a staircase to the Orcish Mines.
  8455 | D:11     | Found a flagged portal.
  8472 | Bailey   | Entered a bailey
  8477 | Bailey   | Noticed an orc warlord
  8583 | Bailey   | Found a runed translucent gate.
  8590 | Bailey   | Found a runed translucent gate.
  8679 | Bailey   | Found a runed translucent gate.
  8766 | Bailey   | Killed an orc warlord
  8766 | Bailey   | Reached ****** piety under Okawaru
  8925 | D:11     | Reached XP level 12. HP: 90/93 MP: 24/24
  9344 | D:11     | Noticed a two-headed ogre
  9359 | D:11     | Killed a two-headed ogre
  9401 | D:11     | Found Ixtehata's Weapon Shoppe.
  9539 | D:4      | Bought a smoking mace for 160 gold pieces
  9638 | Lair:1   | Entered Level 1 of the Lair of Beasts
  9730 | Lair:1   | Noticed a four-headed hydra
  9739 | Lair:1   | Killed a four-headed hydra
  9832 | Lair:1   | Received a gift from Okawaru
 10147 | Lair:1   | Noticed a seven-headed hydra
 10155 | Lair:1   | Killed a seven-headed hydra
 10381 | Lair:2   | Found a staircase to the Swamp.
 10509 | Lair:2   | Received a gift from Okawaru
 10844 | Lair:2   | Noticed a catoblepas
 10851 | Lair:2   | Killed a catoblepas
 10851 | Lair:2   | Received a gift from Okawaru
 10852 | Lair:2   | Found the +0 mask of the Dragon {MR+ Slay+3 SInv}
 10853 | Lair:2   | Reached XP level 13. HP: 80/101 MP: 21/26
 11305 | Lair:3   | Found a staircase to the Snake Pit.
 11853 | Lair:3   | You fall into a shaft and drop 2 floors!
 11868 | Lair:5   | Identified a scroll of acquirement
 12094 | Lair:4   | Noticed Nessos
 12117 | Lair:4   | Killed Nessos
 12117 | Lair:4   | Received a gift from Okawaru
 13045 | Lair:5   | Reached skill level 10 in Spellcasting
 13069 | Lair:5   | You fall into a shaft and drop 1 floor!
 13069 | Lair:6   | Entered Level 6 of the Lair of Beasts
 13085 | Lair:6   | Reached XP level 14. HP: 79/109 MP: 28/28
 13222 | Lair:5   | Found a shimmering altar of Xom.
 13570 | Lair:6   | Reached skill level 10 in Fighting
 13570 | Lair:6   | Reached skill level 10 in Short Blades
 13570 | Lair:6   | Reached skill level 10 in Dodging
 13580 | Lair:6   | Found a staircase to the Slime Pits.
 13645 | Lair:6   | Got a smoking spear
 13676 | Lair:6   | Noticed Josephine
 13703 | Lair:6   | Killed Josephine
 13974 | Lair:6   | Received a gift from Okawaru
 14170 | Lair:6   | Reached skill level 10 in Invocations
 14319 | Lair:6   | Received a gift from Okawaru
 14351 | Lair:6   | Received a gift from Okawaru
 14704 | Lair:6   | Noticed a dire elephant
 14715 | Lair:6   | Killed a dire elephant
 14715 | Lair:6   | Received a gift from Okawaru
 14744 | Lair:6   | Identified the +6 mace of the Other Side {freeze, Str+3
                  | Stlth+} (You bought it in a shop on level 4 of the Dungeon)
 14745 | Lair:6   | Identified the cursed +1 spear of the Bruised Runes
                  | {antimagic, rElec rF+ Str+3} (You found it on level 6 of
                  | the Lair of Beasts)
 15040 | Orc:1    | Entered Level 1 of the Orcish Mines
 15174 | D:10     | Got a heavy robe
 15185 | D:10     | Identified the +0 robe of the Ladybird {rElec rPois Dex-2
                  | Slay+6} (You found it on level 10 of the Dungeon)
 15482 | Orc:2    | Entered Level 2 of the Orcish Mines
 15499 | Orc:2    | Found a bloodstained altar of Trog.
 15609 | Orc:2    | Noticed Azrael
 15684 | Orc:1    | Noticed an orc warlord
 15705 | Orc:1    | Killed an orc warlord
 15705 | Orc:1    | Reached XP level 15. HP: 100/117 MP: 25/29
 15862 | Orc:1    | Learned a level 3 spell: Ozocubu's Armour
 15905 | Orc:2    | Killed Azrael
 15911 | Orc:2    | Reached skill level 10 in Armour
 16192 | Orc:2    | Found a staircase to the Elven Halls.
 16236 | Orc:2    | Received a gift from Okawaru
 16262 | Orc:2    | Received a gift from Okawaru
 16270 | Orc:2    | Received a gift from Okawaru
 16271 | Orc:2    | Found the +3 robe of Folly {Archmagi, MR-- Int+5}
 16306 | Orc:2    | Reached skill level 10 in Charms
 16479 | Orc:2    | Found Xesmy's Food Emporium.
 16479 | Orc:2    | Found Rodeip's Gadget Shop.
 16480 | Orc:2    | Found Kajuodammi's Book Boutique.
 16480 | Orc:2    | Found Heulenig's Weapon Emporium.
 16704 | D:10     | Got a twisted helmet
 16715 | D:10     | Identified the +0 helmet "Jioteyc" {rF- MR+ Regen+} (You
                  | acquired it on level 10 of the Dungeon)
 16819 | D:12     | Reached skill level 10 in Long Blades
 16819 | D:12     | Reached skill level 10 in Axes
 16819 | D:12     | Reached skill level 10 in Maces & Flails
 16819 | D:12     | Reached skill level 10 in Polearms
 16819 | D:12     | Reached skill level 10 in Staves
 16819 | D:12     | Reached skill level 10 in Slings
 16819 | D:12     | Reached skill level 10 in Bows
 16819 | D:12     | Reached skill level 10 in Crossbows
 16819 | D:12     | Reached skill level 10 in Throwing
 16819 | D:12     | Reached skill level 10 in Stealth
 16819 | D:12     | Reached skill level 10 in Shields
 16819 | D:12     | Reached skill level 10 in Unarmed Combat
 16819 | D:12     | Reached skill level 10 in Evocations
 16829 | D:12     | Learned a level 3 spell: Mephitic Cloud
 16834 | D:12     | Learned a level 4 spell: Olgreb's Toxic Radiance
 16858 | D:12     | Learned a level 5 spell: Bolt of Magma
 17192 | D:12     | Found Bypp's General Store.
 17215 | D:12     | Bought a scroll of blinking for 82 gold pieces
 17215 | D:12     | Bought a scroll of teleportation for 33 gold pieces
 17405 | D:13     | Noticed Jorgrun
 17505 | D:13     | HP: 1/118 [orc warrior/+3 glaive (26)]
 17673 | D:13     | Killed Jorgrun
 17815 | D:13     | Received a gift from Okawaru
 18353 | D:13     | Reached XP level 16. HP: 94/125 MP: 26/31
 18364 | D:13     | Found a gate to the Vaults.
 18572 | Snake:1  | Entered Level 1 of the Snake Pit
 18958 | Snake:1  | Found Gohaokig's Gadget Shoppe.
 18958 | Snake:1  | Found Xiobawum's Jewellery Shop.
 18961 | Snake:1  | Found Ahou's Jewellery Shop.
 18989 | Snake:1  | Bought the ring of Jarim {+Fly rElec rPois rN+ Dex+2} for
                  | 661 gold pieces
 19253 | Snake:2  | Noticed a nagaraja
 19272 | Snake:2  | Killed a nagaraja
 19376 | Snake:2  | Received a gift from Okawaru
 19557 | Snake:2  | Noticed Vashnia
 19560 | Snake:2  | Received a gift from Okawaru
 19593 | Snake:2  | Shot with a bolt by Vashnia

Levels and vault maps discovered:
D:1:      roderic_crop_circles_arrival_small, layout_basic
D:2:      layout_basic, okawaru_altar_gauntlet_db, uniq_sigmund
D:3:      layout_loops_corners, nicolae_dithmenos_through_a_glass_darkly
D:4:      layout_loops_ring, minmay_temple_entry_glass, serial_shops,
          nicolae_shop_waterfront, nicolae_shop_trees, shop, shop,
          shop_fountains, minmay_misc_feat_ornament, minmay_misc_feat_tower
D:5:      layout_cave_pools, serial_shops, shop, first_ration, sword_in_stone,
          uniq_pikel, uniq_eustachio
D:6:      layout_cave_pools, lemuel_zombie_altar_yredelemnul, serial_shops,
          kennysheep_mini_moat
D:7:      kennysheep_windowed_halls, layout_rooms,
          gammafunk_temple_overflow_pools, the_bakery, uniq_duvessa
D:8:      layout_rooms, chequers_temple_overflow_statue_of_worship,
          marbit_many_paths, lair_entry_dummy, kennysheep_boxes
D:9:      layout_loops_corners, nicolae_overflow_hidden_temple, serial_shops,
          shop
D:10:     layout_loops_ring, hiddenorc1_lemuel, serial_shops, shop,
          minivault_16, chequers_avenue, nrook_guardian_serpent_double
D:11:     layout_roguey, enter_bailey_3, serial_shops, shop, patterned_corridor
D:12:     layout_roguey, serial_ice, serial_ice_a, serial_ice_e, serial_ice_g,
          serial_ice_f, serial_ice_j, serial_ice_n, serial_ice_h, serial_shops,
          shop_coins
D:13:     minmay_opposing_rooms, layout_cave_pools, david_vaults_2, uniq_jorgrun
Lair:1:   layout_layer_cave
Lair:2:   layout_cave_pods, swamp_mist_pool, beast_lair_carwin_2
Lair:3:   beast_lair_carwin_large_2, layout_regular_city,
          guppyfry_snake_entry_garden, grunt_megastairs_3
Lair:4:   layout_loops_ring, uniq_nessos
Lair:5:   layout_misc_corridors, basic_altar, grunt_megastairs_1
Lair:6:   grunt_lair_end_beastmaster, layout_regular_city,
          nicolae_slime_entry_slimehenge, minivault_24, uniq_josephine
Snake:1:  layout_concentric_octagons, minmay_shop_grove
Snake:2:  layout_misc_corridors, st_stairs_9, uniq_vashnia
Orc:1:    layout_caves
Orc:2:    st_orc_ogre_mass, layout_caves, bloody_trog, uniq_azrael

Skill      XL: |  1  2  3  4  5  6  7  8  9 10 11 12 13 14 15 16 |
---------------+-------------------------------------------------+-----
Spellcasting   | 5 6 7 8 9 10 11 | 11.7
Invocations    | 1 2 3 4 5 6 7 8 9 10 11 | 11.6
Long Blades    | 1 2 3 4 5 6 7 8 9 10 | 10.7
Axes           | 1 2 3 4 5 6 7 8 9 10 | 10.7
Maces & Flails | 1 2 3 4 5 6 7 8 9 10 | 10.7
Polearms       | 1 2 3 4 5 6 7 8 9 10 | 10.7
Staves         | 1 2 3 4 5 6 7 8 9 10 | 10.7
Slings         | 1 2 3 4 5 6 7 8 9 10 | 10.7
Bows           | 1 2 3 4 5 6 7 8 9 10 | 10.7
Crossbows      | 1 2 3 4 5 6 7 8 9 10 | 10.7
Throwing       | 1 2 3 4 5 6 7 8 9 10 | 10.7
Stealth        | 1 2 3 4 5 6 7 8 9 10 | 10.7
Shields        | 1 2 3 4 5 6 7 8 9 10 | 10.7
Unarmed Combat | 1 2 3 4 5 6 7 8 9 10 | 10.7
Evocations     | 1 2 3 4 5 6 7 8 9 10 | 10.7
Armour         | 3 4 5 6 7 8 9 10 11 | 11.0
Conjurations   | 1 2 3 4 5 6 7 8 9 |  9.1
Hexes          | 1 2 3 4 5 6 7 8 9 |  9.1
Summonings     | 1 2 3 4 5 6 7 8 9 |  9.1
Necromancy     | 1 2 3 4 5 6 7 8 9 |  9.1
Translocations | 1 2 3 4 5 6 7 8 9 |  9.1
Transmutations | 1 2 3 4 5 6 7 8 9 |  9.1
Fire Magic     | 1 2 3 4 5 6 7 8 9 |  9.1
Ice Magic      | 1 2 3 4 5 6 7 8 9 |  9.1
Air Magic      | 1 2 3 4 5 6 7 8 9 |  9.1
Earth Magic    | 1 2 3 4 5 6 7 8 9 |  9.1
Poison Magic   | 1 2 3 4 5 6 7 8 9 |  9.1
Fighting       | 5 6 7 8 9 10 11 | 11.5
Short Blades   | 5 6 7 8 9 10 11 | 11.5
Dodging        | 5 6 7 8 9 10 11 | 11.5
Charms         | 6 7 8 9 10 | 10.5

Action                   |  1- 3 |  4- 6 |  7- 9 | 10-12 | 13-15 | 16-18 || total
-------------------------+-------+-------+-------+-------+-------+-------++-------
Melee: Short sword       |   123 |   125 |       |       |       |       ||   248
       Bite              |    10 |    13 |    29 |    61 |   101 |    17 ||   231
       Scimitar          |       |     7 |    28 |       |       |       ||    35
       Long sword        |       |       |   157 |   188 |       |       ||   345
       Punch             |       |       |     3 |     6 |       |       ||     9
       Dire flail        |       |       |       |   350 |   743 |   144 ||  1237
Throw: Boomerang         |       |     3 |     7 |    66 |    46 |     2 ||   124
       Javelin           |       |       |       |       |     3 |       ||     3
 Cast: Shroud of Golubri |     9 |    12 |    16 |    30 |    39 |     5 ||   111
       Infusion          |     2 |     2 |     1 |     2 |     1 |       ||     8
       Regeneration      |     3 |     1 |    12 |    23 |    42 |     5 ||    86
       Spectral Weapon   |       |     5 |    23 |    26 |    54 |    13 ||   121
       Song of Slaying   |       |     1 |     2 |     9 |    17 |       ||    29
       Bolt of Magma     |       |       |       |       |     6 |       ||     6
       Ozocubu's Armour  |       |       |       |       |     2 |       ||     2
Invok: Heroism           |       |       |     1 |     1 |     3 |       ||     5
Evoke: Wand              |       |       |       |       |     1 |       ||     1
  Use: Potion            |       |       |     7 |       |     5 |       ||    12
       Scroll            |       |       |     5 |       |    19 |     1 ||    25
 Stab: Sleeping          |     1 |     6 |     6 |    19 |    17 |     5 ||    54
       Distracted        |       |     1 |       |     5 |     7 |     1 ||    14
       Petrified         |       |       |       |       |     5 |       ||     5
  Eat: Chunk             |     2 |     8 |    18 |    22 |    30 |     4 ||    84
Armor: Leather armour    |    22 |    16 |    27 |    75 |    63 |    10 ||   213
       Robe              |       |       |       |       |    81 |     7 ||    88
Dodge: Dodged            |    84 |   139 |   200 |   674 |   779 |   131 ||  2007
       Rpst.: Scimitar   |       |       |     5 |       |       |       ||     5
       Long sword        |       |       |    45 |    87 |       |       ||   132
